 Dungeon Crawl Stone Soup version 0.30-a0-272-gf98c3da03f (webtiles) character file.

Game seed: 11661465016803231958

4 Powertoast the Ducker (level 1, 16/16 HPs)
             Began as a Merfolk Gladiator on Oct 15, 2022.
             Quit the game on level 1 of the Dungeon.
             The game lasted 00:00:48 (42 turns).

Powertoast the Ducker (Merfolk Gladiator)             Turns: 42, Time: 00:00:49

Health: 16/16      AC:  4    Str: 14    XL:     1   Next: 60%
Magic:  1/1        EV: 13    Int:  7    God:
Gold:   0          SH:  0    Dex: 15    Spells: 0/0 levels left

rFire   . . .      SeeInvis .    f - +1 spear (venom)
rCold   . . .      Faith    .    (no shield)
rNeg    . . .      Spirit   .    b - +0 leather armour
rPois   .          Reflect  .    c - +0 helmet
rElec   .          Harm     .    (no cloak)
rCorr   .          Rampage  .    (no gloves)
Will    .....                    (no boots)
Stlth   +.........               (no amulet)
HPRegen 0.22/turn                (no ring)
MPRegen 0.07/turn                (no ring)

@: no status effects
A: (nimble swimmer 2), mertail
a: no special abilities


You were on level 1 of the Dungeon.
You visited 1 branch of the dungeon, and saw 1 of its levels.

Inventory:

Hand Weapons
 a - a +0 long sword
 f - a +1 spear of venom (weapon)
Missiles
 d - 3 throwing nets (quivered)
 e - a javelin
Armour
 b - a +0 leather armour (worn)
 c - a +0 helmet (worn)


   Skills:
 + Level 2.2 Fighting
 + Level 3.7 Long Blades
 + Level 0.3 Polearms
 + Level 2.0 Throwing
 + Level 4.1 Dodging


You couldn't memorise any spells.
You didn't know any spells.
Your spell library was empty.

Dungeon Overview and Level Annotations

Branches:
Dungeon (1/15)

Altars:


Innate Abilities, Weirdness & Mutations

((You are very nimble when in or above water. (Stealth+, EV+, Speed+++)))
Your lower body shifts to a powerful aquatic tail in water.


Message History

There is a large open door here.
A goblin comes into view. It is wielding a +0 club.
Found 8 stones.
You hit the goblin.
You kill the goblin!
You see here 8 stones.
A bat comes into view.
A frilled lizard comes into view.
The frilled lizard hisses angrily.
You see here a +1 spear of venom.
f - a +1 spear of venom A kobold comes into view.
It is wielding a +0 short sword.
Your +1 spear of venom begins to drip with poison!
f - a +1 spear of venom (weapon)
Found 2 stones.
Found a scroll labelled KOORCH GISECWA.
A rat comes into view.
You hit the frilled lizard.
You kill the frilled lizard!
You reach to attack!
You miss the kobold. The kobold barely misses you.
You completely miss the kobold. The kobold hits you but does no damage.
You barely miss the kobold. The bat barely misses you.
The kobold closely misses you.
The rat twitches its whiskers.
The rat barely misses you.
You hit the kobold.
You kill the kobold!
The bat hits you but does no damage. The rat misses you.
You completely miss the rat. The bat hits you but does no damage.
The rat bites you.
You barely miss the rat. The bat completely misses you. The rat misses you.
You hit the bat.
You kill the bat!
The rat bites you.
You hit the rat.
You kill the rat!
You see here a +0 short sword.
HP restored.
Found a stone staircase leading down.
Are you sure you want to abandon this character and quit the game? (Confirm with "yes".)

#. #.#.# #.#.
#.. ....>....#
..# #.#.#.#(#
#..........?.
#.#.#.#.#.#.#
#........b.
###.#.#.#.#.#.
#....)@.......
#.#.#.#.#.#.#.
#...†...#.#
#.........#
#...####....#
####...# ###.#
#......# #
#......#
#...(###


There were no monsters in sight!

Vanquished Creatures
  A goblin (D:1)
  A bat (D:1)
  A frilled lizard (D:1)
  A kobold (D:1)
  A rat (D:1)
5 creatures vanquished.

Notes
Turn   | Place    | Note
-------+----------+-------------------------------------------
     0 | D:1      | Powertoast the Merfolk Gladiator began the quest for the
                  | Orb.
     0 | D:1      | Reached XP level 1. HP: 16/16 MP: 1/1
    42 | D:1      | Quit the game

Illustrated notes

Levels and vault maps discovered:
D:1:      dpeg_arrival_houses_and_road, layout_basic, serial_shops, shop,
          fountainhead, st_stairs_11

Action                   || total
-------------------------++-------
Melee: Spear             ||     9
       Long sword        ||     1
Armor: Leather armour    ||     3
Dodge: Dodged            ||     7

Table legend: (Time is in decaauts)
 A = Elapsed time spent in this place.
 B = Non-inter-level travel time spent in this place.
 C = Inter-level travel time spent in this place.
 D = Time resting spent in this place.
 E = Time spent auto-exploring this place.
 F = Levels seen in this place.
 G = Mean time per level.
                   A        B        C        D        E       F      G
               +--------+--------+--------+--------+--------+-----+--------+
         Total |     42 |     42 |      0 |      0 |     21 |   1 |   42.0 |
       Dungeon |     42 |     42 |      0 |      0 |     21 |   1 |   42.0 |
               +--------+--------+--------+--------+--------+-----+--------+

Top non-repeatable levels by time:
     D:1: 42 daAuts
